 Dungeon Crawl Stone Soup version 0.23.1-37-gaa34b87 (webtiles) character file.

Game seed: 10580835924516194558

97 Irenicus the Grave Robber (level 4, 0/54 HPs)
             Began as a Deep Dwarf Necromancer on Mar 20, 2019.
             Slain by Menkaure (11 damage)
             ... on level 4 of the Dungeon.
             The game lasted 00:10:50 (1532 turns).

Irenicus the Grave Robber (Deep Dwarf Necromancer)  Turns: 1532, Time: 00:10:51

Health: 0/54       AC: 22    Str:  8 (11) XL:     4   Next: 42%
Magic:  7/7        EV:  2    Int: 20 (22) God:
Gold:   165        SH:  0    Dex: 11 (13) Spells: 3/7 levels left

rFire    . . .     SeeInvis .   b - +0 spear
rCold    . . .     Gourm    .   (no shield)
rNeg     + + +     Faith    .   (armour currently unavailable)
rPois    +         Spirit   .   (helmet currently unavailable)
rElec    .         Reflect  .   (cloak currently unavailable)
rCorr    .         Harm     .   (gloves currently unavailable)
MR       .....     NoTele   +   (boots currently unavailable)
Stlth    ++........             (no amulet)
HPRegen  0.00/turn              (no ring)
MPRegen  0.10/turn              (no ring)

@: brilliant, tree-form (expiring), very slightly contaminated,
non-regenerating, invisible
A: damage resistance, heal wounds, sense surroundings 1, no regeneration
a: Heal Wounds


You were on level 4 of the Dungeon.
You were hungry.
You were a tree.
You visited 1 branch of the dungeon, and saw 4 of its levels.

You collected 165 gold pieces.

Inventory:

Hand Weapons
 b - a +0 spear (weapon)
   (You found it on level 1 of the Dungeon)
Missiles
 i - 64 stones (quivered)
Armour
 e - a +0 buckler
   (You found it on level 1 of the Dungeon)
 s - a cursed +0 ring mail (melded)
   (You found it on level 2 of the Dungeon)
Scrolls
 o - 2 scrolls of fear {unknown}
 r - 2 scrolls of teleportation {unknown}
Potions
 f - 2 potions of mutation {!q}
 j - a potion of agility
 q - a potion of lignification {!q}
Comestibles
 c - 3 rations


   Skills:
 + Level 0.7 Armour
 - Level 2.1 Dodging
 - Level 2.4 Stealth
 - Level 2.0 Spellcasting
 + Level 6.3 Necromancy


You had 3 spell levels left.
You knew the following spells:

 Your Spells              Type           Power        Failure   Level  Hunger
a - Pain                  Necr           ####         1%          1    #......
x - Vampiric Draining     Necr           #####.....   1%          3    ###....

Your spell library contained the following spells:

 Spells                   Type           Power        Failure   Level  Hunger
 Animate Skeleton         Necr           N/A          1%          1    #......
 Animate Dead             Necr           N/A          1%          4    #####..
 Regeneration             Chrm/Necr      Unusable     N/A         3    N/A

Dungeon Overview and Level Annotations

Branches:
Dungeon (4/15)
 Temple: D:4-7

Altars:
Sif Muna
Yredelemnul

Annotations:
D:3 Terence
D:4 Menkaure


Innate Abilities, Weirdness & Mutations

You are resistant to damage.
You can heal yourself by infusing magical energy.
You passively map a small area around you.
You do not regenerate.


Message History

The jackal barely misses you.
You climb downwards.
There is a stone staircase leading up here.
Aim: a jackal (chance to defeat MR: 92%)
The jackal writhes in agony!
You kill the jackal!
You now have 0/7 mp.
i - 64 stones (gained 16) Menkaure, Prince of Dust comes into view.
Menkaure shouts!
Menkaure giggles, "These cerements are ticklish..."
Okay, then.
As you read the scroll labeled NUCSIX DEKID, it crumbles to dust.
It is a scroll of identify.
q - 2 potions of lignification Really quaff
q - 2 potions of lignification {!q}?
Really quaff the potion of lignification?
You turn into a tree.
Your cursed +0 ring mail melds into your body.
Your roots penetrate the ground.
You now have 24/54 hp.
You can't see any susceptible monsters within range! (Use Z to cast anyway.)
Okay, then.
As you read the scroll of identify, it crumbles to dust.
j - a potion of agility Your magical contamination has completely faded away.
As you read the scroll of identify, it crumbles to dust.
f - 2 potions of mutation Attack whom?
Aim: Menkaure You reach to attack!
You barely miss Menkaure.
You can't see any susceptible monsters within range! (Use Z to cast anyway.)
Okay, then.
You barely miss Menkaure. Menkaure hits you but does no damage.
You barely miss Menkaure. Menkaure barely misses you.
You hit Menkaure.
It was a potion of flight.
Your roots keep you in place.
Menkaure hits you but does no damage.
It was a potion of ambrosia.
You are confused.
You feel invigorated. Menkaure hits you.
You regained 4 hp, and now have 28/54 hp.
You regained 4 mp, and now have 6/7 mp.
You cannot move. (Use ctrl+direction or * direction to attack without moving.)
You cannot move. (Use ctrl+direction or * direction to attack without moving.)
You cannot move. (Use ctrl+direction or * direction to attack without moving.)
You hit Menkaure. Menkaure hits you but does no damage.
You regained 4 hp, and now have 32/54 hp.
MP restored: 7 You swing at nothing.
You feel less invigorated.
You feel less confused.
Menkaure mumbles some strange words.
Menkaure seems to speed up.
You regained 4 hp, and now have 36/54 hp.
You barely miss Menkaure. Menkaure hits you but does no damage.
You hit Menkaure. Menkaure hits you. Menkaure hits you!
You take 7 damage, and have 29/54 hp.
You hit Menkaure. Menkaure hits you.
You hit Menkaure but do no damage. Menkaure hits you!
You take 9 damage, and have 20/54 hp.
It was a potion of degeneration.
There was something very wrong with that liquid.
You feel weakened.
You feel dopey.
You feel clumsy. Menkaure hits you but does no damage.
It was a potion of heal wounds.
You feel much better. Menkaure hits you! Menkaure hits you.
You regained 15 hp, and now have 35/54 hp.
It was a potion of invisibility.
You fade into invisibility!
Menkaure hits you!
You are very lightly contaminated with residual magic.
You take 11 damage, and have 24/54 hp.
MASSIVE DAMAGE!!
You hit Menkaure. Menkaure hits you but does no damage.
You hit Menkaure but do no damage. Menkaure barely misses you.
Okay, then.
You barely miss Menkaure. Menkaure hits you!
* * * LOW HITPOINT WARNING * * *
Menkaure hits you but does no damage.
You take 8 damage, and have 16/54 hp.
It was a potion of brilliance.
You feel clever all of a sudden. Menkaure hits you!
* * * LOW HITPOINT WARNING * * *
You take 10 damage, and have 6/54 hp.
Okay, then.
You feel much better. Menkaure hits you.
You regained 23 hp, and now have 29/54 hp.
You hit Menkaure. Menkaure hits you but does no damage.
You hit Menkaure. Menkaure hits you! Menkaure hits you but does no damage.
You take 8 damage, and have 21/54 hp.
You hit Menkaure but do no damage. Menkaure hits you!
* * * LOW HITPOINT WARNING * * *
You take 7 damage, and have 14/54 hp.
You barely miss Menkaure. Menkaure hits you.
* * * LOW HITPOINT WARNING * * *
You take 3 damage, and have 11/54 hp.
You barely miss Menkaure.
Your transformation is almost over.
Menkaure hits you!
You die...

,* , .. , , , * ,
* *.# * , .####.#
, , , #....#..M+
, , , #... #...#
, +.., #...#, * ,
,#.# #...#
####.####...# *
#<.....♣M...##+##
#................
#................
#................
,
#................
#################


You could see Menkaure.

Vanquished Creatures
  4 adders
  2 dart slugs
  3 leopard geckos
  5 giant cockroaches
  8 goblins
  5 hobgoblins
  6 jackals
  4 kobolds
  A ball python (D:2)
  6 bats
  2 frilled lizards (D:2)
  4 rats
50 creatures vanquished.

Notes
Turn   | Place    | Note
-------+----------+-------------------------------------------
     0 | D:1      | Irenicus the Deep Dwarf Necromancer began the quest for the
                  | Orb.
     0 | D:1      | Reached XP level 1. HP: 15/15 MP: 3/3
   381 | D:1      | Reached XP level 2. HP: 22/22 MP: 2/4
   434 | D:1      | Reached skill level 5 in Necromancy
   477 | D:1      | Reached skill level 2 in Spellcasting
   743 | D:2      | You fall through a shaft!
   797 | D:3      | Reached XP level 3. HP: 21/28 MP: 0/6
  1168 | D:2      | Reached skill level 6 in Necromancy
  1168 | D:2      | Reached XP level 4. HP: 11/36 MP: 0/7
  1185 | D:2      | Learned a level 3 spell: Vampiric Draining
  1398 | D:3      | Found a basalt altar of Yredelemnul.
  1448 | D:3      | Found a deep blue altar of Sif Muna.
  1481 | D:3      | Noticed Terence
  1500 | D:4      | Noticed Menkaure
  1526 | D:4      | HP: 6/54 [Menkaure (10)]
  1531 | D:4      | HP: 11/54 [Menkaure (3)]
  1532 | D:4      | Slain by Menkaure

Skill      XL: |  1  2  3 |
---------------+----------+-----
Necromancy     | 5 6 |  6.3
Spellcasting   | 2 |  2.0
Armour         | |  0.7
Dodging        | |  2.1
Stealth        | |  2.4

Action                   |  1- 3 |  4- 6 || total
-------------------------+-------+-------++-------
Melee: Spear             |    28 |    17 ||    45
 Cast: Pain              |    62 |    13 ||    75
       Vampiric Draining |       |     4 ||     4
 Abil: Heal Wounds       |       |     1 ||     1
  Use: Scroll            |     2 |     3 ||     5
       Potion            |       |     7 ||     7
 Stab: Sleeping          |     2 |       ||     2
  Eat: Chunk             |     1 |     2 ||     3
Armor: Robe              |     4 |       ||     4
       Skin              |       |     9 ||     9
       Ring mail         |       |     3 ||     3
Dodge: Dodged            |    39 |    12 ||    51

Levels and vault maps discovered:
D:1:      dpeg_arrival_rooms_with_view, layout_loops_corners, chequers_garden
D:2:      layout_loops_corners, moated_statue
D:3:      layout_rooms, marbit_many_paths, old_standard_altar, led_sif_pool,
          hangedman_ru_absence, uniq_terence
D:4:      layout_gridville, tgw_fedhas, temple_fountains, first_ration,
          wad_orctagon, uniq_menkaure

Table legend:
 A = Turns spent in this place as a percentage of turns spent in the entire game.
 B = Non-inter-level travel turns spent in this place as a percentage of non-inter-level travel turns spent in the entire game.
 C = Inter-level travel turns spent in this place as a percentage of turns spent in this place.
 D = Turns resting spent in this place as a percentage of non-inter-level travel turns spent in this place.
 E = Turns spent auto-exploring this place as a percentage of non-inter-level travel turns spent in this place.
 F = Non-inter-level travel turns spent in this place divided by the number of levels of this place that you've seen.
                   A       B       C       D       E      F
               +-------+-------+-------+-------+-------+----------------------
         Total | 100.0 | 100.0 |   0.0 |   0.0 |   0.0 | 383.0
       Dungeon | 100.0 | 100.0 |   0.0 |   0.0 |   0.0 | 383.0
               +-------+-------+-------+-------+-------+----------------------

Table legend:
 A = Kills in this place as a percentage of kills in entire the game.
 B = Kills by you in this place as a percentage of kills by you in the entire game.
 C = Kills by friends in this place as a percentage of kills by friends in the entire game.
 D = Other kills in this place as a percentage of other kills in the entire game.
 E = Experience gained in this place as a percentage of experience gained in the entire game.
 F = Experience gained in this place divided by the number of levels of this place that you have seen.
                   A       B       C       D       E      F
               +-------+-------+-------+-------+-------+----------------------
         Total | 100.0 | 100.0 |   N/A |   N/A | 100.0 |  34.8
       Dungeon | 100.0 | 100.0 |   N/A |   N/A | 100.0 |  34.8
               +-------+-------+-------+-------+-------+----------------------
